 Dungeon Crawl Stone Soup version 0.29-a0-575-g0dc89cf053 (webtiles) character file.

Game seed: 6976816526531952829

2643 spaghetti the Grappler (level 9, 0/74 HPs)
             Began as a Gnoll Berserker on June 12, 2022.
             Was an Elder of Trog.
             Slain by Erica
             ... wielding a +0 scimitar of flaming
              (5 damage)
             ... on level 9 of the Dungeon.
             The game lasted 00:09:00 (8670 turns).

spaghetti the Grappler (Gnoll Berserker)            Turns: 8670, Time: 00:09:00

Health: 0/74       AC: 11    Str: 29    XL:     9   Next: 62%
Magic:  15/15      EV: 12    Int: 12    God:    Trog [****..]
Gold:   191        SH: 10    Dex: 12    Spells: 16/16 levels left

rFire   . . .      SeeInvis .   q - +7 spear (venom) {polearm}
rCold   . . .      Faith    .   u - +0 buckler
rNeg    + . .      Spirit   .   z - +1 scale mail "Ocol" {rN+ Int+6}
rPois   .          Reflect  +   (no helmet)
rElec   .          Harm     .   (no cloak)
rCorr   .          Rampage  .   F - +0 pair of gloves
Will    ++...                   A - +0 pair of boots
Stlth   +.........              e - amulet of reflection
HPRegen 1.22/turn               v - +6 ring of strength
MPRegen 0.14/turn               (no ring)

@: lethally poisoned (0 -> -1), strong-willed, regenerating, slowed, unable to
read, very slow
A: fangs 1, strong nose, distributed training, talons 1, strong 1, inability to
read while threatened
a: Renounce Religion, Berserk, Trog's Hand, Brothers in Arms


You were on level 9 of the Dungeon.
You worshipped Trog.
Trog was greatly pleased with you.
You visited 1 branch of the dungeon, and saw 9 of its levels.

You collected 412 gold pieces.
You spent 221 gold pieces at shops.


Innate Abilities, Weirdness & Mutations

You have very sharp teeth.
Your uncanny sense of smell can sniff out nearby items.
Your experience applies equally to all skills.
You have sharp toenails.
Your muscles are strong. (Str +2)
You sometimes lose the ability to read scrolls when taking damage.


   Skills:
 + Level 8.0 Fighting
 + Level 4.4 Short Blades
 + Level 4.4 Long Blades
 + Level 4.4 Axes
 + Level 4.4 Maces & Flails
 + Level 4.4 Polearms
 + Level 4.4 Staves
 + Level 4.4 Slings
 + Level 4.4 Bows
 + Level 4.4 Crossbows
 + Level 4.4 Throwing
 + Level 6.4 Armour
 + Level 6.4 Dodging
 + Level 4.4 Stealth
 + Level 4.4 Shields
 + Level 8.0 Unarmed Combat
 + Level 4.4 Spellcasting
 + Level 3.6 Conjurations
 + Level 3.6 Hexes
 + Level 3.6 Summonings
 + Level 3.6 Necromancy
 + Level 3.6 Translocations
 + Level 3.6 Transmutations
 + Level 3.6 Fire Magic
 + Level 3.6 Ice Magic
 + Level 3.6 Air Magic
 + Level 3.6 Earth Magic
 + Level 3.6 Poison Magic
 + Level 4.9 Invocations
 + Level 4.4 Evocations


You had 16 spell levels left.
You didn't know any spells.
Your spell library was empty.

Inventory:

Hand Weapons
 q - a +7 spear of venom (weapon) {polearm}
   (You took it off Robin on level 2 of the Dungeon)
Missiles
 f - 226 stones (quivered) {throwing}
 h - 2 throwing nets {=f!fthrowing}
 n - 12 javelins {throwing}
 o - 3 boomerangs {throwing}
 E - 2 poisoned darts {throwing}
Armour
 a - a +0 animal skin
 u - a +0 buckler (worn)
   (You found it on level 7 of the Dungeon)
 z - the +1 scale mail "Ocol" (worn) {rN+ Int+6}
   (You bought it in a shop on level 4 of the Dungeon)

   Int:       It affects your intelligence (+6).
   rN:        It protects you from negative energy.
 A - a +0 pair of boots (worn)
   (You found it on level 5 of the Dungeon)
 F - a +0 pair of gloves (worn)
   (You found it on level 8 of the Dungeon)
Magical Staves
 b - a staff of fire {forbidden!astaff}
   (You found it on level 1 of the Dungeon)
Jewellery
 e - an amulet of reflection (around neck)
   (You found it on level 1 of the Dungeon)
 r - a ring of positive energy
   (You found it on level 2 of the Dungeon)
 v - a +6 ring of strength (left hand)
   (You found it on level 3 of the Dungeon)
Wands
 s - a wand of paralysis (10)
   (You found it on level 2 of the Dungeon)
 t - a wand of acid (23)
   (You found it on level 6 of the Dungeon)
 w - a wand of flame (5)
   (You found it on level 4 of the Dungeon)
 y - a wand of digging (18)
   (You found it on level 4 of the Dungeon)
Scrolls
 c - a scroll of summoning
 d - 3 scrolls of immolation {!r!r}
 i - 5 scrolls of vulnerability {!r!r}
 j - 5 scrolls of teleportation {@r4}
 k - a scroll of fog
 l - 2 scrolls of blinking {!r}
 m - a scroll of silence {!r}
 p - a scroll of enchant armour
 x - 2 scrolls of fear {unknown}
 B - a scroll of torment {unknown}
 C - a scroll of noise {unknown}
Potions
 g - a potion of curing {@q1}
 D - a potion of haste {unknown}
 G - a potion of flight {unknown}

Dungeon Overview and Level Annotations

Branches:
Dungeon (8/15)             Temple (0/1) D:4
   Lair: D:8-11

Altars:
Nemelex Xobeh
Qazlal
Sif Muna
Zin

Shops:
D:1 *   D:4 *

Annotations:
D:9 1 transporter, Erica

.....................
'#...................
.#.....#####.........
.#####.# #..#####.
.....#.# #..#
.....#.# #..# .
.....#.# #..# ...
.....#)#
#..#####.'...
.....#.# #....@{..#
.....#.# #.....o..#
######.# #...>....#
.......# #........#
.>.... #........#
###... ..........# ..
.......(.....
.........#### ∆


You could see an orc.


Message History

You start putting on your armour.
You continue putting on your +0 pair of gloves. x4
You finish putting on your +0 pair of gloves. 😮 HP[+2]
You regained 2 hp, and now have 48/74 hp.
Key pressed, stopping explore.
Key pressed, stopping explore.
A sourceless malevolence fills the Dungeon...
You fall into a shaft and drop 1 floor!
The shaft crumbles and collapses. 😎 HP[+26]
Your hp is fully restored (74).
You open the door.
Nemelex Xobeh says, "The prize could be yours... at the risk of your life!" "Beware!
This is a limited time offer!"
The centaur warrior shouts!
Found a sparkling altar of Nemelex Xobeh.
Found a glowing great sword.
There is an open door here.
There is an open door here.
Found an escape hatch in the floor.
You open the door.
There is an open door here.
Key pressed, stopping explore.
G - a glowing sapphire potion
There is an open door here.
You now have 171 gold pieces (gained 12).
A bullfrog comes into view.
A bullfrog is nearby!
The bullfrog croaks.
You reach to attack!
You puncture the bullfrog!
The bullfrog is poisoned.
You puncture the bullfrog! You block the bullfrog's attack.
The bullfrog misses you.
You puncture the bullfrog!
You kill the bullfrog!
Trog accepts your kill.
No target in view!
No target in view!
No target in view!
No target in view!
No target in view!
No target in view!
No target in view!
No target in view!
No target in view!
No target in view!
No target in view!
No target in view!
No target in view!
No target in view!
You now have 191 gold pieces (gained 20).
Found a stone staircase leading down.
Erica the Fiery-Tempered comes into view.
She is wielding a +0 scimitar of flaming.
Erica gestures at you while chanting.
You feel yourself slow down.
Unknown command.
Unknown command.
Erica gestures at you while chanting. The bolt of poison hits you!!
You are poisoned. 😮 HP[-24]
You take 24 damage, and now have 50/74 hp.
MASSIVE DAMAGE!! (PAUSE) Unknown command.
An orc comes into view. It is wielding a +0 club.
You feel very sick.
The orc shouts!
Erica closely misses you.
Erica hits you but does no damage. 😮 HP[-4]
You take 4 damage, and now have 46/74 hp.
You hit Erica.
You feel very sick. Erica misses you. 😮 HP[-2]
You take 2 damage, and now have 44/74 hp.
You hit Erica.
Erica is poisoned.
Your bite misses Erica.
You feel sick. You block Erica's attack.
Erica gestures wildly while chanting.
Erica flickers and vanishes!
Deactivating autopickup; reactivate with Ctrl-A. 😮 HP[-2]
You take 2 damage, and now have 42/74 hp.
You hit something. Your bite misses something.
You feel sick. Something hits you.
* * * LOW HITPOINT WARNING * * *
Something burns you.
* * * LOW HITPOINT WARNING * * *
😨 HP[-8]
You take 8 damage, and now have 34/74 hp.
Your skin crawls.
You feel strong-willed.
You feel sick. Something hits you!
You feel threatened and lose the ability to read scrolls!
* * * LOW HITPOINT WARNING * * *
Something burns you.
* * * LOW HITPOINT WARNING * * *
You block the orc's attack. Something hits you!
* * * LOW HITPOINT WARNING * * *
Something burns you.
You die...

Skill      XL: |  1  2  3  4  5  6  7  8  9 |
---------------+----------------------------+-----
Invocations    | 1 2 3 4 |  4.9
Short Blades   | 1 2 3 4 |  4.4
Long Blades    | 1 2 3 4 |  4.4
Axes           | 1 2 3 4 |  4.4
Maces & Flails | 1 2 3 4 |  4.4
Polearms       | 1 2 3 4 |  4.4
Staves         | 1 2 3 4 |  4.4
Slings         | 1 2 3 4 |  4.4
Bows           | 1 2 3 4 |  4.4
Crossbows      | 1 2 3 4 |  4.4
Throwing       | 1 2 3 4 |  4.4
Stealth        | 1 2 3 4 |  4.4
Shields        | 1 2 3 4 |  4.4
Spellcasting   | 1 2 3 4 |  4.4
Evocations     | 1 2 3 4 |  4.4
Conjurations   | 1 2 3 |  3.6
Hexes          | 1 2 3 |  3.6
Summonings     | 1 2 3 |  3.6
Necromancy     | 1 2 3 |  3.6
Translocations | 1 2 3 |  3.6
Transmutations | 1 2 3 |  3.6
Fire Magic     | 1 2 3 |  3.6
Ice Magic      | 1 2 3 |  3.6
Air Magic      | 1 2 3 |  3.6
Earth Magic    | 1 2 3 |  3.6
Poison Magic   | 1 2 3 |  3.6
Armour         | 5 6 |  6.4
Dodging        | 5 6 |  6.4
Fighting       | 7 8 |  8.0
Unarmed Combat | 7 8 |  8.0

Action                   |  1- 3 |  4- 6 |  7- 9 || total
-------------------------+-------+-------+-------++-------
Melee: Unarmed           |    90 |    36 |       ||   126
       Bite              |     8 |     7 |    24 ||    39
       Punch             |     3 |     3 |     2 ||     8
       Spear             |       |   106 |   184 ||   290
Throw: Stone             |     9 |    78 |    46 ||   133
Invok: Berserk           |     4 |     1 |     3 ||     8
       Trog's Hand       |       |     1 |     2 ||     3
  Use: Scroll            |       |     7 |     4 ||    11
       Potion            |       |       |     3 ||     3
 Stab: Sleeping          |     2 |     1 |       ||     3
Armor: Animal skin       |    10 |     3 |       ||    13
       Scale mail        |       |     2 |    55 ||    57
Dodge: Dodged            |    52 |    42 |   104 ||   198
Block: Other             |    13 |    11 |    21 ||    45
       Buckler           |       |       |    36 ||    36
       Reflection        |       |       |     4 ||     4

Levels and vault maps discovered:
D:1:      grunt_arrival_lava_bath, layout_basic, ebering_ecumenical_altar_box,
          serial_shops, nicolae_shop_window_shopping, minmay_splitting_lines,
          hangedman_decor_lopped, dk_noncrumbling_2
D:2:      layout_loops_cross, minmay_crystal_room, uniq_robin
D:3:      layout_basic
D:4:      layout_loops_corners, lemuel_temple_firewalk_b, serial_rivers,
          chequers_serial_rivers_micro_a, chequers_serial_rivers_small_a,
          chequers_serial_rivers_micro_d, chequers_serial_rivers_micro_b,
          nrook_mini_backslash, nicolae_shop_clearance
D:5:      layout_basic, hex_tiny, uniq_blork_the_orc
D:6:      layout_layer_cave, zin_purify, sigmund_army, uniq_eustachio
D:7:      layout_rooms
D:8:      layout_loops_cross, nicolae_overflow_squiral, serial_glass,
          glass_columns_a, glass_columns_b, minmay_strange_pillars,
          feat_on_display, feat_on_display, item_on_display_a,
          nicolae_underground_beach
D:9:      layout_irregular_city, grunt_nemelex_the_gamble, uniq_erica

Notes
Turn   | Place    | Note
-------+----------+-------------------------------------------
     0 | D:1      | spaghetti the Gnoll Berserker began the quest for the Orb.
     0 | D:1      | Reached XP level 1. HP: 23/23 MP: 1/1
     0 | D:1      | magus.rc [v1.9.6]
     7 | D:1      | Found a faded altar of an unknown god.
   267 | D:1      | Found Ybliy's Assorted Antiques.
   544 | D:1      | Reached XP level 2. HP: 28/29 MP: 2/2
   882 | D:1      | Reached XP level 3. HP: 35/35 MP: 3/3
  1308 | D:2      | Reached ** piety under Trog
  1309 | D:2      | Reached skill level 1 in Invocations
  1551 | D:2      | Reached skill level 1 in Short Blades
  1551 | D:2      | Reached skill level 1 in Long Blades
  1551 | D:2      | Reached skill level 1 in Axes
  1551 | D:2      | Reached skill level 1 in Maces & Flails
  1551 | D:2      | Reached skill level 1 in Polearms
  1551 | D:2      | Reached skill level 1 in Staves
  1551 | D:2      | Reached skill level 1 in Slings
  1551 | D:2      | Reached skill level 1 in Bows
  1551 | D:2      | Reached skill level 1 in Crossbows
  1551 | D:2      | Reached skill level 1 in Throwing
  1551 | D:2      | Reached skill level 1 in Stealth
  1551 | D:2      | Reached skill level 1 in Shields
  1551 | D:2      | Reached skill level 1 in Spellcasting
  1551 | D:2      | Reached skill level 1 in Evocations
  1551 | D:2      | Reached XP level 4. HP: 41/41 MP: 5/5
  1571 | D:2      | Reached skill level 1 in Conjurations
  1571 | D:2      | Reached skill level 1 in Hexes
  1571 | D:2      | Reached skill level 1 in Summonings
  1571 | D:2      | Reached skill level 1 in Necromancy
  1571 | D:2      | Reached skill level 1 in Translocations
  1571 | D:2      | Reached skill level 1 in Transmutations
  1571 | D:2      | Reached skill level 1 in Fire Magic
  1571 | D:2      | Reached skill level 1 in Ice Magic
  1571 | D:2      | Reached skill level 1 in Air Magic
  1571 | D:2      | Reached skill level 1 in Earth Magic
  1571 | D:2      | Reached skill level 1 in Poison Magic
  1870 | D:2      | Noticed Robin
  1891 | D:2      | Killed Robin
  1892 | D:2      | Reached XP level 5. HP: 38/47 MP: 5/7
  3451 | D:4      | Reached XP level 6. HP: 51/53 MP: 8/8
  3555 | D:4      | Reached skill level 2 in Invocations
  3561 | D:4      | Reached *** piety under Trog
  3705 | D:4      | Reached skill level 2 in Short Blades
  3705 | D:4      | Reached skill level 2 in Long Blades
  3705 | D:4      | Reached skill level 2 in Axes
  3705 | D:4      | Reached skill level 2 in Maces & Flails
  3705 | D:4      | Reached skill level 2 in Polearms
  3705 | D:4      | Reached skill level 2 in Staves
  3705 | D:4      | Reached skill level 2 in Slings
  3705 | D:4      | Reached skill level 2 in Bows
  3705 | D:4      | Reached skill level 2 in Crossbows
  3705 | D:4      | Reached skill level 2 in Throwing
  3705 | D:4      | Reached skill level 5 in Armour
  3705 | D:4      | Reached skill level 5 in Dodging
  3705 | D:4      | Reached skill level 2 in Stealth
  3705 | D:4      | Reached skill level 2 in Shields
  3705 | D:4      | Reached skill level 2 in Spellcasting
  3705 | D:4      | Reached skill level 2 in Evocations
  4022 | D:4      | Found Usesiel's CLEARANCE SALE!.
  4031 | D:4      | Bought the +1 scale mail "Ocol" {rN+ Int+6} for 131 gold
                  | pieces
  4057 | D:4      | Found a staircase to the Ecumenical Temple.
  4481 | D:5      | Entered Level 5 of the Dungeon
  4830 | D:5      | Reached XP level 7. HP: 57/59 MP: 10/10
  4846 | D:5      | Reached skill level 7 in Fighting
  4846 | D:5      | Reached skill level 7 in Unarmed Combat
  5068 | D:5      | Reached skill level 2 in Conjurations
  5068 | D:5      | Reached skill level 2 in Hexes
  5068 | D:5      | Reached skill level 2 in Summonings
  5068 | D:5      | Reached skill level 2 in Necromancy
  5068 | D:5      | Reached skill level 2 in Translocations
  5068 | D:5      | Reached skill level 2 in Transmutations
  5068 | D:5      | Reached skill level 2 in Fire Magic
  5068 | D:5      | Reached skill level 2 in Ice Magic
  5068 | D:5      | Reached skill level 2 in Air Magic
  5068 | D:5      | Reached skill level 2 in Earth Magic
  5068 | D:5      | Reached skill level 2 in Poison Magic
  5085 | D:5      | Noticed Blork the orc
  5091 | D:5      | Killed Blork the orc
  5285 | D:6      | Reached skill level 3 in Invocations
  5402 | D:6      | Gained mutation: You sometimes lose the ability to read
                  | scrolls when taking damage. [potion of mutation]
  5402 | D:6      | Gained mutation: Your muscles are strong. (Str +2) [potion
                  | of mutation]
  5402 | D:6      | Gained mutation: You have sharp toenails. [potion of
                  | mutation]
  5409 | D:6      | HP: 14/60 [orc wizard/+0 dagger of holy wrath (2)]
  5784 | D:6      | Reached XP level 8. HP: 67/67 MP: 12/12
  5863 | D:6      | Found Zin's Purification Station.
  5868 | D:6      | Found a glowing silver altar of Zin.
  5873 | D:6      | Bought a potion of curing for 90 gold pieces
  6130 | D:6      | Noticed Eustachio
  6140 | D:6      | Killed Eustachio
  6141 | D:6      | Reached skill level 3 in Short Blades
  6141 | D:6      | Reached skill level 3 in Long Blades
  6141 | D:6      | Reached skill level 3 in Axes
  6141 | D:6      | Reached skill level 3 in Maces & Flails
  6141 | D:6      | Reached skill level 3 in Polearms
  6141 | D:6      | Reached skill level 3 in Staves
  6141 | D:6      | Reached skill level 3 in Slings
  6141 | D:6      | Reached skill level 3 in Bows
  6141 | D:6      | Reached skill level 3 in Crossbows
  6141 | D:6      | Reached skill level 3 in Throwing
  6141 | D:6      | Reached skill level 3 in Stealth
  6141 | D:6      | Reached skill level 3 in Shields
  6141 | D:6      | Reached skill level 3 in Spellcasting
  6141 | D:6      | Reached skill level 3 in Evocations
  6443 | D:6      | Noticed Sigmund
  6449 | D:6      | Killed Sigmund
  6969 | D:7      | Reached skill level 3 in Conjurations
  6969 | D:7      | Reached skill level 3 in Hexes
  6969 | D:7      | Reached skill level 3 in Summonings
  6969 | D:7      | Reached skill level 3 in Necromancy
  6969 | D:7      | Reached skill level 3 in Translocations
  6969 | D:7      | Reached skill level 3 in Transmutations
  6969 | D:7      | Reached skill level 3 in Fire Magic
  6969 | D:7      | Reached skill level 3 in Ice Magic
  6969 | D:7      | Reached skill level 3 in Air Magic
  6969 | D:7      | Reached skill level 3 in Earth Magic
  6969 | D:7      | Reached skill level 3 in Poison Magic
  6969 | D:7      | Reached skill level 4 in Invocations
  6983 | D:7      | Reached skill level 6 in Armour
  6983 | D:7      | Reached skill level 6 in Dodging
  7091 | D:7      | Reached **** piety under Trog
  7953 | D:8      | Reached XP level 9. HP: 69/72 MP: 14/14
  7997 | D:8      | Reached skill level 4 in Short Blades
  7997 | D:8      | Reached skill level 4 in Long Blades
  7997 | D:8      | Reached skill level 4 in Axes
  7997 | D:8      | Reached skill level 4 in Maces & Flails
  7997 | D:8      | Reached skill level 4 in Polearms
  7997 | D:8      | Reached skill level 4 in Staves
  7997 | D:8      | Reached skill level 4 in Slings
  7997 | D:8      | Reached skill level 4 in Bows
  7997 | D:8      | Reached skill level 4 in Crossbows
  7997 | D:8      | Reached skill level 4 in Throwing
  7997 | D:8      | Reached skill level 4 in Stealth
  7997 | D:8      | Reached skill level 4 in Shields
  7997 | D:8      | Reached skill level 4 in Spellcasting
  7997 | D:8      | Reached skill level 4 in Evocations
  8356 | D:8      | Found a stormy altar of Qazlal.
  8357 | D:8      | Found a shimmering blue altar of Sif Muna.
  8413 | D:8      | Reached skill level 8 in Fighting
  8413 | D:8      | Reached skill level 8 in Unarmed Combat
  8578 | D:8      | You fall into a shaft and drop 1 floor!
  8580 | D:9      | Found a sparkling altar of Nemelex Xobeh.
  8580 | D:9      | Found a transporter.
  8580 | D:9      | Noticed a centaur warrior
  8580 | D:9      | Noticed a manticore
  8663 | D:9      | Noticed Erica
  8670 | D:9      | HP: 16/74 [something (6)]
  8670 | D:9      | HP: 5/74 [something (11)]
  8670 | D:9      | Slain by Erica

Vanquished Creatures
  Sigmund (D:6)
  A wyvern (D:8)
  Eustachio (D:6)
  4 yaks (D:8)
  A water moccasin (D:7)
  A black bear (D:8)
  Blork the orc (D:5)
  A kobold brigand (D:8)
  A gnoll sergeant (D:7)
  2 bullfrogs
  A scorpion (D:5)
  2 necrophages
  An electric eel (D:8)
  3 howler monkeys
  3 hounds
  3 orc priests
  A jelly (D:4)
  3 iguanas
  7 orc wizards
  Robin (D:2)
  10 gnolls
  6 adders
  2 shadow imps (D:7)
  A white imp (D:7)
  An ufetubus (D:6)
  3 worms
  2 dart slugs
  23 orcs
  7 ball pythons
  4 endoplasms
  5 giant cockroaches
  14 goblins
  11 hobgoblins
  9 jackals
  3 quokkas
  5 bats
  7 frilled lizards
  9 kobolds
  3 rats
164 creatures vanquished.

Table legend:
 A = Non-vault XP
 B = Vault XP
 C = Vault XP percentage of total XP
 D = Non-vault monster count
 E = Vault monster count
 F = Vault count percentage of total count
                 A         B        C        D         E       F
            +---------+---------+-------+---------+---------+-------
      Total |    3204 |     572 |  15.1 |     148 |      16 |   9.8
            +---------+---------+-------+---------+---------+-------
        D:1 |      36 |       0 |   0.0 |      20 |       0 |   0.0
        D:2 |     129 |      34 |  20.9 |      31 |      11 |  26.2
        D:3 |      26 |       0 |   0.0 |      14 |       0 |   0.0
        D:4 |     254 |       0 |   0.0 |      21 |       0 |   0.0
        D:5 |     393 |     100 |  20.3 |      16 |       1 |   5.9
        D:6 |     303 |     438 |  59.1 |       8 |       4 |  33.3
        D:7 |     633 |       0 |   0.0 |      19 |       0 |   0.0
        D:8 |    1346 |       0 |   0.0 |      18 |       0 |   0.0
        D:9 |      84 |       0 |   0.0 |       1 |       0 |   0.0
            +---------+---------+-------+---------+---------+-------

Illustrated notes

Table legend:
 A = Kills in this place as a percentage of kills in entire the game.
 B = Kills by you in this place as a percentage of kills by you in the entire game.
 C = Kills by friends in this place as a percentage of kills by friends in the entire game.
 D = Other kills in this place as a percentage of other kills in the entire game.
 E = Experience gained in this place as a percentage of experience gained in the entire game.
 F = Experience gained in this place divided by the number of levels of this place that you have seen.
                   A       B       C       D       E      F
               +-------+-------+-------+-------+-------+----------------------
         Total | 100.0 | 100.0 |   N/A |   N/A | 100.0 | 419.6
       Dungeon | 100.0 | 100.0 |   N/A |   N/A | 100.0 | 419.6
               +-------+-------+-------+-------+-------+----------------------

Table legend: (Time is in decaauts)
 A = Elapsed time spent in this place.
 B = Non-inter-level travel time spent in this place.
 C = Inter-level travel time spent in this place.
 D = Time resting spent in this place.
 E = Time spent auto-exploring this place.
 F = Levels seen in this place.
 G = Mean time per level.
                   A        B        C        D        E       F      G
               +--------+--------+--------+--------+--------+-----+--------+
         Total |   8735 |   7913 |    822 |    259 |   6666 |   9 |  970.6 |
       Dungeon |   8735 |   7913 |    822 |    259 |   6666 |   9 |  970.6 |
               +--------+--------+--------+--------+--------+-----+--------+

Top non-repeatable levels by time:
     D:2: 1457 daAuts
     D:6: 1389 daAuts
     D:4: 1327 daAuts
     D:1: 1107 daAuts
     D:3: 990 daAuts
     D:5: 883 daAuts
     D:7: 857 daAuts
     D:8: 628 daAuts
     D:9: 94 daAuts
